 Dungeon Crawl Stone Soup version 0.19.5 (webtiles) character file.

14824 tidbits the Carver (level 11, 0/75 HPs)
             Began as a High Elf Wanderer on Nov 8, 2017.
             Was an Elder of Elyvilon.
             Slain by an ogre
             ... wielding a +0 giant club
              (12 damage)
             ... on level 2 of the Orcish Mines.
             The game lasted 01:27:52 (6844 turns).

tidbits the Carver (High Elf Wanderer)              Turns: 6844, Time: 01:27:53

Health: 0/75       AC: 13    Str: 15    XL:     11   Next: 93%
Magic:  14/19      EV: 13    Int: 13    God:    Elyvilon [****..]
Gold:   837        SH:  0    Dex: 19    Spells: 3 memorised, 13 levels left

rFire  . . .     SeeInvis .     a - +1 dagger (elec)
rCold  + + .     Gourm    .     B - +2 scale mail of Pezahiz {rC+ rN+ Regen+ rCorr}
rNeg   + . .     Faith    .     (no shield)
rPois  .         Spirit   .     (no helmet)
rElec  .         Reflect  .     C - +0 cloak of Perfidy {rC+}
rCorr  +         Harm     .     (no gloves)
MR     ++...                    F - +2 pair of boots
Stlth  +.........               (no amulet)
                                p - ring of protection from magic
                                L - +3 ring of strength

@: no status effects
A: weak 1
a: Lesser Healing, Heal Other, Purification, Greater Healing, Divine Protection,
Renounce Religion


You were on level 2 of the Orcish Mines.
You worshipped Elyvilon.
Elyvilon was greatly pleased with you.
You were hungry.

You visited 2 branches of the dungeon, and saw 14 of its levels.

You collected 837 gold pieces.

Inventory:

Hand Weapons
 a - a +1 dagger of electrocution (weapon)
   (You took it off an orc on level 3 of the Dungeon)
 b - a +0 shortbow
   (You took it off a centaur on level 6 of the Dungeon)
 c - a +2 great sword
   (You took it off Urug on level 11 of the Dungeon)
 I - a +0 blowgun
Missiles
 d - 27 poisoned needles
 f - 4 javelins (quivered)
 u - 30 arrows
 w - 56 bolts
 S - 16 tomahawks
Armour
 h - a +0 troll leather armour
   (You found it on level 1 of the Orcish Mines)
 B - the +2 scale mail of Pezahiz (worn) {rC+ rN+ Regen+ rCorr}
   (You found it on level 6 of the Dungeon)

   It protects you from cold.
   It protects you from negative energy.
   It increases your rate of regeneration.
   It protects you from acid and corrosion.
 C - the +0 cloak of Perfidy (worn) {rC+}
   (You found it on level 7 of the Dungeon)

   It protects you from cold.
 F - a +2 pair of boots (worn)
   (You found it on level 6 of the Dungeon)
Jewellery
 p - a ring of protection from magic (right hand)
   (You found it on level 2 of the Dungeon)
 y - an uncursed ring of positive energy
   (You found it on level 7 of the Dungeon)
 A - an uncursed ring of teleportation
   (You found it on level 8 of the Dungeon)
 G - an uncursed ring of protection from fire
   (You found it on level 7 of the Dungeon)
 L - a +3 ring of strength (left hand)
   (You found it on level 11 of the Dungeon)
Wands
 r - a wand of flame (12/48)
   (You found it on level 6 of the Dungeon)
 s - a wand of iceblast (0/15)
   (You took it off Urug on level 11 of the Dungeon)
 t - a wand of teleportation (4/9)
   (You found it on level 11 of the Dungeon)
 E - a wand of flame (12/48)
   (You found it on level 6 of the Dungeon)
 T - a wand of hasting (1/9)
   (You took it off an orc on level 9 of the Dungeon)
 V - a wand of enslavement (17/24)
   (You found it on level 9 of the Dungeon)
 X - a wand of flame (32/48)
   (You found it on level 10 of the Dungeon)
Scrolls
 i - 4 scrolls of teleportation {unknown}
 k - a scroll of random uselessness {unknown}
 q - 2 scrolls of amnesia {unknown}
 H - a scroll of enchant weapon {unknown}
 Q - a scroll of immolation {unknown}
 R - a scroll of noise {unknown}
 U - a scroll of summoning {unknown}
 W - a scroll of fear
Potions
 e - 2 potions of curing
 j - 2 potions of brilliance
 l - a potion of degeneration {unknown}
 m - 2 potions of flight {unknown}
 z - 2 potions of ambrosia {unknown}
 D - a potion of cure mutation {unknown}
 K - a potion of resistance {unknown}
 M - a potion of heal wounds {unknown}
 N - a potion of beneficial mutation {unknown}
 O - 2 potions of berserk rage {unknown}
Books
 x - a book of Enchantments
   (You found it on level 7 of the Dungeon)

   Spells                             Type                      Level
   a - Cause Fear                     Hexes                        4
   b - Yara's Violent Unravelling     Hexes/Transmutation          5
   c - Silence                        Hexes/Air                    5
   d - Deflect Missiles               Charms/Air                   6
   e - Discord                        Hexes                        8
Miscellaneous
 Z - a lamp of fire (inert)
   (You found it on level 10 of the Dungeon)
Comestibles
 g - 6 bread rations
 o - 2 meat rations


   Skills:
 + Level 7.4 Fighting
 + Level 13.0 Long Blades
   Level 1.0 Polearms
 - Level 6.1 Bows
 - Level 1.7 Throwing
 - Level 3.2 Armour
 + Level 6.4 Dodging
 - Level 2.3 Stealth
 - Level 1.5 Unarmed Combat
 - Level 5.1 Spellcasting
 - Level 4.5 Hexes
 - Level 5.6 Charms
 - Level 7.2 Invocations
 - Level 5.0 Evocations


You had 13 spell levels left.
You knew the following spells:

 Your Spells              Type           Power        Failure   Level  Hunger
g - Shroud of Golubria    Chrm/Tloc      ##........   34%         2    ##.....
w - Spectral Weapon       Hex/Chrm       ###.....     30%         3    ###....
y - Song of Slaying       Chrm           ###.....     14%         2    ##.....


Dungeon Overview and Level Annotations

Branches:
Dungeon (12/15)              Lair (0/6) D:10            Orc (2/2) D:9
    Elf (0/3) Orc:2
 Temple: D:4-7

Altars:
Dithmenos
Elyvilon
Fedhas
Hepliaklqana
Nemelex Xobeh
Ru
Trog
Xom
Yredelemnul
The Shining One

Portals:
Trove: D:10 (give 19 potions of curing)


Innate Abilities, Weirdness & Mutations

You are weak. (Str -2)


Message History

There is a sudden explosion of sparks!
The two-headed ogre is moderately wounded.
Your spectral weapon hits the two-headed ogre.
There is a sudden explosion of sparks!
The orc hits you but does no damage.
You hit the two-headed ogre.
The two-headed ogre is almost dead.
Your spectral weapon barely misses the two-headed ogre.
The two-headed ogre misses you.
The two-headed ogre hits you with a giant club!
You hit the two-headed ogre.
There is a sudden explosion of sparks!
You kill the two-headed ogre!
The orc closely misses you.
You hit the orc but do no damage.
Your spectral weapon hits the orc.
The ogre hits your spectral weapon with a giant club!
Your spectral weapon shares its damage with you!
You hit the two-headed ogre.
The two-headed ogre is lightly wounded.
Your spectral weapon hits the two-headed ogre.
The orc barely misses you.
You hit the two-headed ogre.
The two-headed ogre is lightly wounded.
Your spectral weapon hits the two-headed ogre.
The ogre hits your spectral weapon with a giant club!
Your spectral weapon shares its damage with you!
Your spectral weapon fades away.
The two-headed ogre hits you but does no damage.
The two-headed ogre barely misses you.
Casting: Spectral Weapon
Confirm with . or Enter, or press ? or * to list all spells.
You draw out your weapon's spirit!
The orc hits you but does no damage.
You barely miss the orc.
The orc is lightly wounded.
You hit the orc.
The orc is moderately wounded.
Your spectral weapon hits the orc.
The orc hits you but does no damage.
You closely miss the orc.
The orc is heavily wounded.
Your spectral weapon hits the orc.
There is a sudden explosion of sparks!
You kill the orc!
You hit the two-headed ogre.
The two-headed ogre is lightly wounded.
Your spectral weapon barely misses the two-headed ogre.
You hit the two-headed ogre.
The two-headed ogre is lightly wounded.
Your spectral weapon hits the two-headed ogre but does no damage.
There is a sudden explosion of sparks!
The two-headed ogre hits your spectral weapon with a giant spiked club!!
Your spectral weapon shares its damage with you!
Your spectral weapon fades away.
The two-headed ogre shouts in stereo!
You hit the two-headed ogre.
The two-headed ogre is severely wounded.
You hit the two-headed ogre.
The two-headed ogre is severely wounded.
You hit the two-headed ogre but do no damage.
There is a sudden explosion of sparks!
You kill the two-headed ogre!
Your Long Blades skill increases to level 13!
Casting: Spectral Weapon
Confirm with . or Enter, or press ? or * to list all spells.
You draw out your weapon's spirit!
The ogre hits you but does no damage.
The two-headed ogre hits you with a giant club!
The two-headed ogre hits you but does no damage.
You completely miss the ogre. You hit the ogre.
The ogre is lightly wounded.
Your spectral weapon hits the ogre.
The ogre hits you with a giant club! The two-headed ogre barely misses you.
The two-headed ogre misses you.
You hit the ogre.
The ogre is moderately wounded.
Your spectral weapon hits the ogre.
You barely miss the ogre.
The ogre is moderately wounded.
Your spectral weapon hits the ogre.
The two-headed ogre barely misses you.
The two-headed ogre hits you but does no damage.
The ogre misses your spectral weapon.
The ogre closely misses your spectral weapon.
You hit the ogre but do no damage.
The ogre is heavily wounded.
Your spectral weapon hits the ogre but does no damage.
You hit the ogre.
The ogre is heavily wounded.
Your spectral weapon hits the ogre.
The ogre hits your spectral weapon with a giant club!
Your spectral weapon shares its damage with you!
The ogre misses your spectral weapon.
The two-headed ogre hits you with a giant club!!
* * * LOW HITPOINT WARNING * * *
The two-headed ogre barely misses you.
The two-headed ogre barely misses your spectral weapon.
The two-headed ogre closely misses your spectral weapon.
The ogre hits your spectral weapon with a giant club!!
Your spectral weapon shares its damage with you!
Your spectral weapon fades away.
* * * LOW HITPOINT WARNING * * *
The ogre hits you with a giant club!!
* * * LOW HITPOINT WARNING * * *
You are healed.
You feel somewhat more hungry. The ogre hits you with a giant club!
You die...

# #.#...#......# ....
##.#....###.....# ...
##........#.......# ##.
#.........#.....### #
##.......##...###
#........###....##
##.#.............#
##.##.......#.#.
####@O.....## #..O......#
....... #######O.....#
......# ##.##.#.......##
.....# #.....#.O.O....#
....## ###..)..........#
...#.## ##.###)..........##
......# #...........##....#
.....#####.......######)..#


You could see 4 ogres.

Vanquished Creatures
  The ghost of p0werm0de the Fighter, a journeyman HECK of Xom (Orc:1)
  Urug (D:11)
  An orc high priest (Orc:1)
  2 unseen horrors
  A hill giant (D:10)
  An orc knight (Orc:1)
  An elephant (D:10)
  A centaur skeleton (D:10)
  3 trolls
  5 two-headed ogres
  A hornet (D:11)
  A wyvern (D:11)
  Eustachio (D:6)
  11 yaks
  2 vampire mosquitoes (D:11)
  5 wargs
  2 water moccasins
  2 black bears
  3 phantoms
  15 orc warriors
  5 sky beasts
  An ice beast (D:10)
  10 ogres
  2 centaurs
  2 crocodiles
  A big kobold (D:10)
  5 bullfrogs
  A wyvern skeleton (D:11)
  4 scorpions
  3 killer bees
  3 crimson imps
  A quasit (D:11)
  A bullfrog zombie (D:7)
  4 jellies
  4 hounds
  10 orc priests
  2 bullfrog skeletons
  3 iguanas
  10 orc wizards
  7 worker ants
  A killer bee zombie (D:7)
  A hound skeleton (D:5)
  4 gnolls (D:2)
  8 adders
  A shadow imp (D:6)
  2 adder zombies
  A worm (D:2)
  2 dart slugs
  3 leopard geckos
  46 orcs
  2 ball pythons
  A giant cockroach (D:8)
  2 goblins (D:2)
  7 hobgoblins
  5 jackals
  15 kobolds
  4 quokkas
  7 bats
  2 frilled lizards
  A leopard gecko zombie (D:7)
  A quokka zombie (D:5)
  4 rats
259 creatures vanquished.

Vanquished Creatures (others)
  7 spectral weapons
7 creatures vanquished.

Grand Total: 266 creatures vanquished

Notes
Turn   | Place    | Note
-------+----------+-------------------------------------------
     0 | D:1      | tidbits the High Elf Wanderer began the quest for the Orb.
     0 | D:1      | tidbits set off with: a +2 dagger, a scroll of fear, a potion of lignification, 8 poisoned needles, a +0 blowgun, a +0 robe, a bread ration
     0 | D:1      | Reached XP level 1. HP: 17/17 MP: 2/2
   269 | D:1      | Reached XP level 2. HP: 11/22 MP: 3/3
   542 | D:2      | Reached skill level 1 in Dodging
   542 | D:2      | Reached XP level 3. HP: 27/27 MP: 4/4
   602 | D:2      | Reached skill level 2 in Dodging
   722 | D:2      | Reached XP level 4. HP: 15/34 MP: 5/5
   908 | D:2      | Found a hazy altar of Hepliaklqana.
   908 | D:2      | Found a faded altar of an unknown god.
   913 | D:2      | Found a faded altar of an unknown god.
   915 | D:2      | Found a glowing golden altar of the Shining One.
   916 | D:2      | Found a sparkling altar of Nemelex Xobeh.
   919 | D:2      | Became a worshipper of Elyvilon the Healer
   919 | D:2      | Reached * piety under Elyvilon
  1265 | D:3      | Reached skill level 2 in Invocations
  1284 | D:3      | Reached skill level 5 in Fighting
  1284 | D:3      | Reached XP level 5. HP: 15/39 MP: 7/7
  1336 | D:4      | Found a bloodstained altar of Trog.
  1382 | D:2      | Reached ** piety under Elyvilon
  1482 | D:5      | Entered Level 5 of the Dungeon
  1564 | D:5      | Reached skill level 3 in Dodging
  1671 | D:4      | Reached skill level 3 in Invocations
  1671 | D:4      | Reached XP level 6. HP: 45/45 MP: 9/9
  1813 | D:4      | Found a basalt altar of Yredelemnul.
  1847 | D:4      | Reached *** piety under Elyvilon
  1885 | D:5      | Found a sacrificial altar of Ru.
  1987 | D:7      | Reached skill level 4 in Dodging
  1990 | D:7      | Got a transparent cloak
  1996 | D:7      | Identified the +0 cloak of Perfidy {rC+} (You found it on level 7 of the Dungeon)
  2024 | D:7      | Found a white marble altar of Elyvilon.
  2174 | D:7      | Reached skill level 4 in Invocations
  2183 | D:7      | Reached skill level 6 in Fighting
  2183 | D:7      | Reached XP level 7. HP: 49/52 MP: 9/11
  2320 | D:7      | Found a shadowy altar of Dithmenos.
  2334 | D:7      | Reached skill level 1 in Bows
  2357 | D:7      | Reached skill level 2 in Bows
  2357 | D:7      | Reached skill level 5 in Invocations
  2398 | D:7      | Reached skill level 3 in Bows
  2423 | D:7      | Reached XP level 8. HP: 52/57 MP: 11/13
  2430 | D:7      | Found a sacrificial altar of Ru.
  2490 | D:8      | Reached skill level 4 in Bows
  2490 | D:8      | Reached skill level 6 in Invocations
  2649 | D:8      | HP: 3/57 [killer bee (3)]
  2657 | D:7      | HP: 1/85 [killer bee (3)]
  2666 | D:7      | HP: 8/85 [ogre/giant club (12)]
  2668 | D:7      | HP: 2/85 [ogre/giant club (13)]
  2669 | D:7      | Reached skill level 5 in Bows
  3089 | D:6      | Noticed Eustachio
  3131 | D:6      | Killed Eustachio
  3131 | D:6      | Reached skill level 6 in Bows
  3131 | D:6      | Reached skill level 7 in Invocations
  3195 | D:6      | Got an ancient scale mail
  3216 | D:6      | Identified the +2 scale mail of Pezahiz {rC+ rN+ Regen+ rCorr} (You found it on level 6 of the Dungeon)
  3300 | D:6      | Reached skill level 2 in Long Blades
  3338 | D:7      | Reached skill level 4 in Long Blades
  3424 | D:8      | Reached skill level 5 in Long Blades
  3430 | D:8      | Reached XP level 9. HP: 30/62 MP: 15/15
  3510 | D:8      | Found a shimmering altar of Xom.
  3548 | D:8      | Reached skill level 6 in Long Blades
  3688 | D:9      | Reached skill level 7 in Long Blades
  3794 | D:9      | Found a staircase to the Orcish Mines.
  3856 | D:9      | Reached skill level 8 in Long Blades
  3944 | D:9      | Reached skill level 9 in Long Blades
  4041 | D:9      | Reached skill level 10 in Long Blades
  4091 | D:9      | Found a blossoming altar of Fedhas.
  4154 | D:9      | Reached skill level 11 in Long Blades
  4176 | D:9      | Reached XP level 10. HP: 40/68 MP: 16/16
  4478 | D:10     | Entered Level 10 of the Dungeon
  4557 | D:9      | Learned a level 3 spell: Spectral Weapon
  4641 | D:10     | Reached **** piety under Elyvilon
  4653 | D:10     | Reached skill level 1 in Spellcasting
  4653 | D:10     | Reached skill level 1 in Hexes
  4653 | D:10     | Reached skill level 1 in Charms
  4728 | D:10     | Reached skill level 2 in Charms
  4892 | D:10     | Killed an unseen horror
  4892 | D:10     | Reached skill level 2 in Spellcasting
  4892 | D:10     | Reached skill level 2 in Hexes
  4892 | D:10     | Reached skill level 3 in Charms
  4983 | D:10     | Reached skill level 3 in Spellcasting
  5000 | D:10     | Noticed a hill giant
  5028 | D:10     | Killed a hill giant
  5028 | D:10     | Reached skill level 3 in Hexes
  5028 | D:10     | Reached skill level 4 in Charms
  5070 | D:11     | Reached skill level 4 in Spellcasting
  5178 | D:11     | Noticed Urug
  5191 | D:11     | Killed Urug
  5191 | D:11     | Reached skill level 4 in Hexes
  5191 | D:11     | Reached skill level 5 in Charms
  5250 | D:11     | Reached skill level 1 in Armour
  5254 | D:11     | Gained mutation: You are weak. (Str -2) [mutagenic meat]
  5346 | D:10     | Noticed an elephant
  5395 | D:11     | Reached skill level 2 in Armour
  5407 | D:11     | Killed an unseen horror
  5407 | D:11     | Reached skill level 3 in Armour
  5407 | D:11     | Reached XP level 11. HP: 28/72 MP: 19/19
  5446 | D:11     | Reached skill level 5 in Dodging
  5459 | D:11     | Reached skill level 12 in Long Blades
  5567 | D:10     | Found a staircase to the Lair.
  5836 | D:11     | Learned a level 2 spell: Song of Slaying
  5839 | D:11     | Learned a level 2 spell: Shroud of Golubria
  6031 | D:10     | Found a portal to a secret trove of treasure.
  6082 | Orc:1    | Entered Level 1 of the Orcish Mines
  6101 | Orc:1    | Noticed an orc high priest
  6105 | Orc:1    | Reached skill level 1 in Evocations
  6106 | Orc:1    | Killed an orc high priest
  6106 | Orc:1    | Reached skill level 2 in Evocations
  6125 | Orc:1    | Reached skill level 3 in Evocations
  6171 | Orc:1    | Noticed p0werm0de's ghost (journeyman HECK)
  6215 | Orc:1    | Killed p0werm0de's ghost
  6215 | Orc:1    | Reached skill level 4 in Evocations
  6247 | Orc:1    | Reached skill level 5 in Evocations
  6299 | Orc:2    | Entered Level 2 of the Orcish Mines
  6299 | Orc:2    | Noticed an orc knight
  6409 | Orc:1    | Killed an orc knight
  6412 | Orc:1    | Was placed under penance by Elyvilon
  6446 | Orc:2    | Reached skill level 5 in Spellcasting
  6464 | Orc:1    | Noticed an orc warlord
  6465 | Orc:1    | Noticed an orc sorcerer
  6471 | Orc:2    | Found a staircase to the Elven Halls.
  6585 | Orc:2    | Reached skill level 7 in Fighting
  6593 | Orc:2    | Was forgiven by Elyvilon
  6700 | Orc:2    | Reached skill level 6 in Dodging
  6829 | Orc:2    | Reached skill level 13 in Long Blades
  6841 | Orc:2    | HP: 1/75 [ogre/giant club (19)]
  6844 | Orc:2    | Slain by an ogre

Skill      XL: |  1  2  3  4  5  6  7  8  9 10 11 |
---------------+----------------------------------+-----
Dodging        | 1 2 3 4 6 |  6.4
Invocations    | 2 3 4 5 7 |  7.2
Fighting       | 5 6 7 |  7.4
Bows           | 3 6 |  6.1
Long Blades    | 5 11 13 | 13.0
Spellcasting   | 4 5 |  5.1
Hexes          | 4 |  4.5
Charms         | 5 |  5.6
Armour         | 3 |  3.2
Evocations     | 5 |  5.0
Polearms       | |  1.0
Throwing       | |  1.7
Stealth        | |  2.3
Unarmed Combat | |  1.5

Action                   |  1- 3 |  4- 6 |  7- 9 | 10-12 || total
-------------------------+-------+-------+-------+-------++-------
Melee: Dagger            |    37 |   130 |   304 |   469 ||   940
       Unarmed           |       |    13 |       |       ||    13
       Mace              |       |    13 |     3 |       ||    16
       Punch             |       |     1 |     2 |     3 ||     6
       Great sword       |       |       |       |    13 ||    13
 Fire: Blowgun           |    59 |    59 |       |       ||   118
       Shortbow          |       |       |   192 |    98 ||   290
Throw: Stone             |     4 |       |       |       ||     4
       Tomahawk          |       |       |     2 |     2 ||     4
       Javelin           |       |       |       |    10 ||    10
 Cast: Spectral Weapon   |       |       |       |    30 ||    30
       Shroud of Golubri |       |       |       |     7 ||     7
Invok: Lesser Healing    |       |     2 |    16 |     6 ||    24
       Purification      |       |       |     3 |     1 ||     4
Evoke: Wand              |       |     6 |     7 |    12 ||    25
       Lamp of fire      |       |       |       |     1 ||     1
  Use: Potion            |       |     1 |     2 |       ||     3
       Scroll            |       |     1 |     4 |     6 ||    11
 Stab: Sleeping          |       |     2 |       |       ||     2
       Distracted        |       |       |       |     2 ||     2
       Betrayed ally     |       |       |       |     1 ||     1
  Eat: Chunk             |       |     4 |     6 |    12 ||    22
       Pizza             |       |       |     1 |     1 ||     2
       Royal jelly       |       |       |     1 |       ||     1
       Beef jerky        |       |       |     1 |     1 ||     2
Armor: Robe              |     7 |     1 |       |       ||     8
       Ring mail         |       |    50 |    43 |       ||    93
       Skin              |       |     9 |     5 |       ||    14
       Scale mail        |       |       |    72 |   186 ||   258
Dodge: Dodged            |    27 |    82 |   194 |   224 ||   527
       Rpst.: Great sword |       |       |       |     2 ||     2

Table legend:
 A = Turns spent in this place as a percentage of turns spent in the entire game.
 B = Non-inter-level travel turns spent in this place as a percentage of non-inter-level travel turns spent in the entire game.
 C = Inter-level travel turns spent in this place as a percentage of turns spent in this place.
 D = Turns resting spent in this place as a percentage of non-inter-level travel turns spent in this place.
 E = Turns spent auto-exploring this place as a percentage of non-inter-level travel turns spent in this place.
 F = Non-inter-level travel turns spent in this place divided by the number of levels of this place that you've seen.
                   A       B       C       D       E      F
               +-------+-------+-------+-------+-------+----------------------
         Total | 100.0 | 100.0 |   0.1 |   0.0 |   0.0 | 455.4
       Dungeon |  87.4 |  87.4 |   0.1 |   0.0 |   0.0 | 464.4
  Orcish Mines |  12.6 |  12.6 |   0.0 |   0.0 |   0.0 | 401.0
               +-------+-------+-------+-------+-------+----------------------

Table legend:
 A = Kills in this place as a percentage of kills in entire the game.
 B = Kills by you in this place as a percentage of kills by you in the entire game.
 C = Kills by friends in this place as a percentage of kills by friends in the entire game.
 D = Other kills in this place as a percentage of other kills in the entire game.
 E = Experience gained in this place as a percentage of experience gained in the entire game.
 F = Experience gained in this place divided by the number of levels of this place that you have seen.
                   A       B       C       D       E      F
               +-------+-------+-------+-------+-------+----------------------
         Total | 100.0 | 100.0 |  -nan |  -nan | 100.0 | 1512.7
       Dungeon |  79.9 |  79.9 |  -nan |  -nan |  69.3 | 1222.4
  Orcish Mines |  20.1 |  20.1 |  -nan |  -nan |  30.7 | 3254.5
               +-------+-------+-------+-------+-------+----------------------

Vault maps used:
D:1:      dpeg_arrival_concentric_ovals
D:2:      chequers_temple_overflow_minitemple, minmay_misc_feat_iff
D:3:      minmay_door_path
D:4:      grunt_temple_overflow_open, first_bread
D:5:      basic_altar
D:6:      kennysheep_flooded_box, minmay_hollow_rounded_squares,
          uniq_crazy_yiuf_cottage, uniq_eustachio
D:7:      lemuel_coloured_pillars_altar, grunt_dithmenos_shadows,
          nicolae_ru_sacrificial_ziggurat, minmay_temple_entry_glassed_door
D:8:      lemuel_round_altar
D:9:      fedhas_altar_4, cheibriados_altar_1, david_orc_2
D:10:     david_lair_generic, enter_trove_3
D:11:     uniq_urug
Orc:2:    st_orc_ogre_mass, serial_shops, nicolae_shop_behind_doors,
          nicolae_orc_damp_corner
